 Dungeon Crawl Stone Soup version 0.28-a0-909-g796cbd3a86 (webtiles) character file.

Game seed: 12263502498205501122

1017 croobank the Grappler (level 8, -8/67 HPs)
             Began as a Ghoul Monk on Nov 24, 2021.
             Mangled by Maggie (9 damage)
             ... on level 6 of the Dungeon.
             The game lasted 00:39:39 (6513 turns).

croobank the Grappler (Ghoul Monk)                  Turns: 6513, Time: 00:39:40

Health: -8/67      AC:  8    Str: 16    XL:     8   Next: 22%
Magic:  7/7        EV:  7    Int: 12    God:
Gold:   133        SH:  0    Dex: 11    Spells: 5/7 levels left

rFire   + . .      SeeInvis .     - Unarmed
rCold   . . .      Faith    .   (no shield)
rNeg    + + +      Spirit   .   o - +0 chain mail
rPois   ∞          Reflect  .   (no helmet)
rElec   .          Harm     .   (no cloak)
rCorr   .          Rampage  .   (no gloves)
Will    .....                   (no boots)
Stlth   ..........              (no amulet)
HPRegen 0.00/turn               m - ring of fire
MPRegen 0.10/turn               t - +6 ring of intelligence

@: mighty, mesmerised, inhibited regen
A: claws 1, cold resistance 1, negative energy resistance 3, inhibited
regeneration, torment resistance 2
a: no special abilities


You were on level 6 of the Dungeon.
You visited 2 branches of the dungeon, and saw 7 of its levels.

You collected 234 gold pieces.
You spent 101 gold pieces at shops.

Inventory:

Hand Weapons
 b - a +0 shortbow
 e - a +0 dire flail
 g - a +5 dagger of speed
 h - a +0 war axe of freezing
 q - a +0 trident
 u - a +4 dagger
 y - a +0 flail of protection
Missiles
 n - 136 stones
 r - 3 boomerangs (quivered)
 x - 19 arrows
Armour
 a - a +0 pair of gloves
 o - a +0 chain mail (worn)
 w - a +0 scale mail
Jewellery
 m - a ring of fire (left claw)
 t - a +6 ring of intelligence (right claw)
Wands
 d - a wand of charming (9)
 s - a wand of flame (7)
Scrolls
 c - a scroll of amnesia
Potions
 f - a potion of lignification
 p - a potion of brilliance {unknown}


   Skills:
 + Level 4.6 Fighting
 + Level 0.8 Short Blades
 + Level 1.1 Throwing
 + Level 2.0 Armour
 + Level 4.3 Dodging
 + Level 3.0 Stealth
 * Level 8.3 Unarmed Combat


You had 5 spell levels left.
You knew the following spells:

 Your Spells              Type           Power      Damage    Failure   Level
a - Corpse Rot            Necr/Air       0%         N/A       100%        2

Your spell library contained the following spells:

 Spells                   Type           Power      Damage    Failure   Level
 Scorch                   Fire           0%         2d5       100%        2
 Dispel Undead            Necr           0%         3d6       100%        4
 Flame Wave               Conj/Fire      0%         3d3       100%        4
 Death Channel            Necr           0%         N/A       100%        6
 Summon Cactus Giant      Summ           0%         N/A       100%        6


Dungeon Overview and Level Annotations

Branches:
Dungeon (6/15)             Temple (1/1) D:4

Altars:
Ashenzari
Dithmenos
Fedhas
Gozag
Kikubaaqudgha
Makhleb
Nemelex Xobeh
Ru
Sif Muna
Uskayaw
Vehumet
Wu Jian
Xom
Yredelemnul
Zin
The Shining One

Shops:
D:2 !*(!:   D:3 !   D:6 =

Annotations:
D:2 1 runed translucent door, Crazy Yiuf, Sigmund
D:6 Maggie


Innate Abilities, Weirdness & Mutations

You thrive by killing the living.
You are immune to poison.
You have sharp fingernails.
Your flesh is cold resistant. (rC+)
You are immune to negative energy. (rN+++)
You do not regenerate when monsters are visible.
You are immune to unholy pain and torment.


Message History

Maggie closely misses the necrophage.
The necrophage hits Maggie but does no damage.
Maggie hits the necrophage with a +1 glaive of flaming!
Maggie burns the necrophage.
The necrophage hits Maggie.
Maggie hits the necrophage with a +1 glaive of flaming.
Maggie burns the necrophage.
The necrophage hits Maggie but does no damage.
Maggie hits the necrophage with a +1 glaive of flaming!
Maggie burns the necrophage.
The necrophage is destroyed!
Your Throwing skill increases to level 1!
Your Armour skill increases to level 2!
Maggie is no longer charmed.
Maggie hits you from afar with a +1 glaive of flaming!
Aiming: Throw Flame
Press: ? - help, Shift-Dir - straight line, f/p - Maggie
Aim: Maggie, wielding a +1 glaive of flaming and wearing +0 acid dragon scales (moderately wounded, 68% to hit)
The puff of flame misses Maggie.
Maggie casts a spell at you. The bolt of fire hits you. You resist.
* * * LOW HITPOINT WARNING * * *
You feel better.
Maggie hits you from afar with a +1 glaive of flaming.
You feel very mighty all of a sudden.
Maggie hits you from afar with a +1 glaive of flaming!!
* * * LOW HITPOINT WARNING * * *
Maggie burns you.
* * * LOW HITPOINT WARNING * * *
Maggie hits you with a +1 glaive of flaming.
* * * LOW HITPOINT WARNING * * *
You claw Maggie!
Maggie is severely wounded.
Maggie mumbles some strange words.
Maggie attempts to bespell you!
You are mesmerised by Maggie!
Your unliving flesh cannot be transformed in this way.
It was a potion of magic.
Magic courses through your body.
Maggie hits you with a +1 glaive of flaming!
You die...

## #. .####.#
..#.. ##....
#....# # ##....#
..###..#..#
.....##..#
#####...#@.##
.#........@..# .
.............#.#
.......♣......#
.....♣.∩.♣...##
.......♣...#.##
......†....#..#
..............#
.............#.#


You could see Maggie (mesmerising).

Vanquished Creatures
  An ice beast (D:6)
  A necrophage (D:3)
  A centaur (D:6)
  2 bullfrogs
  2 wights (D:6)
  2 centaur zombies (D:4)
  2 jellies
  2 hounds
  A bullfrog zombie (D:5)
  A scorpion zombie (D:5)
  2 hound zombies (D:4)
  A hound skeleton (D:4)
  A howler monkey zombie (D:4)
  5 adders
  A white imp (D:5)
  2 worms
  An orc (D:4)
  8 ball pythons
  3 bats
  3 endoplasms
  8 giant cockroaches
  5 goblins
  3 hobgoblins
  16 jackals
  3 quokkas
  5 frilled lizards
  8 kobolds
  A quokka zombie (D:4)
  3 rats
94 creatures vanquished.

Vanquished Creatures (collateral kills)
  A necrophage (D:6)
  A bullfrog skeleton (D:6)
  A white imp (D:6)
3 creatures vanquished.

Vanquished Creatures (others)
  2 plants (D:3)
2 creatures vanquished.

Grand Total: 99 creatures vanquished

Notes
Turn   | Place    | Note
-------+----------+-------------------------------------------
     0 | D:1      | croobank the Ghoul Monk began the quest for the Orb.
     0 | D:1      | Reached XP level 1. HP: 19/19 MP: 0/0
   143 | D:1      | Reached XP level 2. HP: 18/26 MP: 1/1
  1015 | D:1      | Reached XP level 3. HP: 20/33 MP: 2/2
  1217 | D:1      | Found a faded altar of an unknown god.
  1556 | D:2      | Learned a level 2 spell: Corpse Rot
  1631 | D:2      | Noticed Sigmund
  1727 | D:2      | Found Piduba's Distillery.
  1972 | D:2      | Found Fotaodd's Book Emporium.
  1987 | D:2      | Reached skill level 4 in Unarmed Combat
  1987 | D:2      | Reached XP level 4. HP: 20/40 MP: 3/3
  2217 | D:2      | Found Zogorri's Weapon Shop.
  2231 | D:2      | Bought a +0 hunting sling for 16 gold pieces
  2259 | D:2      | Found Foujuby's Assorted Antiques.
  2346 | D:2      | Found a runed translucent door.
  2347 | D:2      | Noticed Crazy Yiuf
  2435 | D:2      | Found Aloim's Distillery.
  2440 | D:2      | Bought a potion of curing for 30 gold pieces
  2726 | D:3      | Found Jaifirgh's Distillery.
  3004 | D:3      | Reached XP level 5. HP: 34/46 MP: 4/4
  3722 | D:3      | Bought a potion of heal wounds for 55 gold pieces
  3739 | D:4      | Noticed a necrophage
  3760 | D:3      | Killed a necrophage
  3761 | D:3      | Reached skill level 5 in Unarmed Combat
  3761 | D:3      | Reached XP level 6. HP: 28/52 MP: 5/5
  4191 | D:4      | Reached skill level 6 in Unarmed Combat
  4290 | D:4      | Found a staircase to the Ecumenical Temple.
  4386 | Temple   | Entered the Ecumenical Temple
  5021 | D:4      | Reached skill level 7 in Unarmed Combat
  5021 | D:4      | Reached XP level 7. HP: 48/60 MP: 6/6
  5110 | D:5      | Entered Level 5 of the Dungeon
  6241 | D:6      | Reached skill level 8 in Unarmed Combat
  6380 | D:6      | Reached skill level 1 in Armour
  6380 | D:6      | Reached XP level 8. HP: 39/67 MP: 7/7
  6462 | D:6      | Noticed Maggie
  6467 | D:6      | Found Bavipt's Jewellery Boutique.
  6503 | D:6      | Reached skill level 1 in Throwing
  6510 | D:6      | HP: 3/67 [Maggie (3)]
  6511 | D:6      | HP: 1/67 [Maggie (2)]
  6513 | D:6      | Mangled by Maggie

Illustrated notes

Levels and vault maps discovered:
D:1:      minmay_arrival_checkered_box, layout_basic,
          shapermc_ecumenical_altar_starsandcircs, serial_bayou_lake_a
D:2:      layout_basic, serial_shops, nicolae_shop_bloodbath_and_beyond,
          nicolae_shop_stone, shop, shop, shop, uniq_crazy_yiuf_cottage,
          uniq_sigmund
D:3:      layout_basic, serial_shops, shop, serial_bayou_pond_a
D:4:      layout_cave_pools, minmay_temple_entry_stoned_glass,
          gup_sewer_entry_glass, serial_undead, serial_undead_b,
          serial_undead_e, serial_undead_e, serial_undead_a
D:5:      layout_rooms, kennysheep_another_room
D:6:      lemuel_ratsnest, layout_layer_cave, serial_shops, nicolae_shop_trees,
          uniq_maggie
Temple:   lightli_temple_of_artemis

Skill      XL: |  1  2  3  4  5  6  7  8 |
---------------+-------------------------+-----
Dodging        | 3 4 |  4.3
Fighting       | 4 |  4.6
Unarmed Combat | 4 5 7 8 |  8.3
Stealth        | 3 |  3.0
Armour         | 1 2 |  2.0
Throwing       | 1 |  1.1
Short Blades   | |  0.8

Action                   |  1- 3 |  4- 6 |  7- 9 || total
-------------------------+-------+-------+-------++-------
Melee: Unarmed           |    77 |   180 |    77 ||   334
       Dagger            |   143 |       |       ||   143
       Punch             |     3 |     5 |     3 ||    11
Throw: Boomerang         |       |       |    21 ||    21
Evoke: Wand              |       |       |     2 ||     2
  Use: Potion            |     3 |       |     6 ||     9
       Scroll            |     3 |     6 |     3 ||    12
 Stab: Sleeping          |     1 |     3 |       ||     4
Armor: Robe              |    28 |    39 |       ||    67
       Chain mail        |       |       |    36 ||    36
Dodge: Dodged            |   120 |   130 |    38 ||   288

Table legend: (Time is in decaauts)
 A = Elapsed time spent in this place.
 B = Non-inter-level travel time spent in this place.
 C = Inter-level travel time spent in this place.
 D = Time resting spent in this place.
 E = Time spent auto-exploring this place.
 F = Levels seen in this place.
 G = Mean time per level.
                   A        B        C        D        E       F      G
               +--------+--------+--------+--------+--------+-----+--------+
         Total |   6486 |   6250 |    236 |   2262 |   2498 |   7 |  926.6 |
       Dungeon |   6349 |   6124 |    225 |   2262 |   2400 |   6 | 1058.2 |
        Temple |    136 |    125 |     11 |      0 |     98 |   1 |  136.0 |
               +--------+--------+--------+--------+--------+-----+--------+

Top non-repeatable levels by time:
     D:2: 1425 daAuts
     D:3: 1412 daAuts
     D:4: 1058 daAuts
     D:1: 1055 daAuts
     D:5: 903 daAuts
     D:6: 493 daAuts
  Temple: 136 daAuts
